Map: Whispers of Gold

Players

VITmaru (Maru)

  • Race: Terran Terran
  • Spawn Location: 9:00

Serral - Winner!

  • Race: Zerg Zerg
  • League: Master
  • Spawn Location: 5:00

Event: HomeStory Cup XXVI

VOD

Have the link to the VOD?

Description

Time

  • Played on: Dec. 1, 2024, 12:23 p.m.
  • Length: 18:13

All games in this series

Show
View Real Time Build Order
Export as new Build Order

VITmaru Terran 

Build Orders: Reaper Expand 

Get SALT Encoding   

  12  0:00  SCV  
  13  0:12  SCV  
  14  0:17  Supply Depot  
  14  0:24  SCV  
  15  0:39  SCV  
  15  0:40  Barracks  
  16  0:44  Refinery  
  16  0:51  SCV  
  17  1:03  SCV  
  18  1:15  SCV  
  19  1:27  Reaper, Orbital Command  
  20  1:41  Command Center  
  20  1:50  Supply Depot  
  20  1:52  SCV  
  21  1:59  Marine  
  22  2:05  SCV  
  23  2:13  Factory  
  23  2:17  SCV  
  23  2:22  Barracks Reactor  
  24  2:29  SCV  
  25  2:40  Command Center  
  25  2:42  SCV  
  26  2:53  Orbital Command  
  26  2:54  SCV  
  27  3:00  Starport  
  27  3:06  SCV  
  27  3:08  Refinery  
  27  3:11  Hellion  
  30  3:15  Hellion  
  30  3:19  SCV x2  
  34  3:23  Barracks Tech Lab  
  34  3:31  SCV x2  
  36  3:35  Hellion  
  36  3:36  Hellion  
  40  3:43  SCV x2  
  40  3:44  Viking  
  44  3:50  Barracks Tech Lab  
  44  3:52  Orbital Command  
  44  3:55  SCV  
  45  4:00  Supply Depot  
  45  4:01  Hellion  
  47  4:03  Hellion  
  47  4:06  SCV  
  47  4:09  SCV  
  51  4:14  Liberator  
  54  4:19  SCV x2  
  54  4:23  SCV  
  57  4:24  Supply Depot  
  57  4:26  Hellion  
  57  4:29  Hellion  
  61  4:32  SCV x2  
  61  4:37  Stimpack, Marine  
  64  4:38  SCV  
  64  4:45  Orbital Command  
  65  4:48  SCV  
  65  4:49  Engineering Bay x2, Refinery  
  66  4:55  SCV, Marine, Supply Depot  
  68  5:03  Barracks  
  68  5:04  Barracks  
  68  5:05  Factory Reactor, SCV  
  69  5:11  SCV  
  69  5:12  Starport Reactor  
  69  5:13  Barracks x2  
  70  5:14  SCV  
  70  5:17  SCV  
  72  5:22  Terran Infantry Weapons Level 1  
  72  5:23  SCV, Terran Infantry Armor Level 1  
  72  5:25  Refinery  
  72  5:26  Marine  
  74  5:31  SCV x2  
  74  5:32  Supply Depot  
  76  5:37  SCV  
  77  5:43  SCV  
  77  5:44  Marine  
  77  5:45  SCV  
  63  5:51  Marine x2  
  63  5:55  SCV x2  
  67  5:57  Siege Tank, SCV  
  67  5:58  Medivac x2  
  67  6:00  Marine  
  67  6:01  Marine  
  67  6:02  Marine, Barracks Reactor  
  78  6:09  Marine, Supply Depot  
  78  6:10  Barracks Reactor  
  79  6:11  Marine, Supply Depot  
  79  6:17  SCV  
  79  6:18  Marine x2  
  78  6:20  Marine  
  78  6:22  Combat Shield  
  78  6:23  SCV  
  82  6:26  Marine  
  82  6:27  Armory  
  82  6:29  Marine  
  82  6:32  SCV x2  
  86  6:34  Supply Depot  
  86  6:35  SCV  
  86  6:36  Marine  
  86  6:37  Marine  
  86  6:38  Marine  
  86  6:39  Siege Tank  
  93  6:44  Marine, SCV x2  
  93  6:45  Marine  
  93  6:46  Marine  
  98  6:47  Marine, Refinery  
  98  6:50  Factory  
  98  6:51  Supply Depot  
  98  6:53  SCV  
  98  6:54  Marine  
  101  6:56  Marine x4, SCV x2  
  107  7:02  Marine, Supply Depot  
  107  7:03  Marine x2  
  107  7:05  Marine  
  111  7:11  Marine  
  111  7:12  Widow Mine, Command Center  
  111  7:14  Marine  
  115  7:19  Marine, Terran Infantry Weapons Level 2  
  115  7:21  Terran Infantry Armor Level 2  
  115  7:22  SCV  
  107  7:26  SCV x2  
  107  7:27  Marine  
  107  7:29  Marine x2  
  110  7:34  SCV  
  110  7:36  Medivac  
  113  7:38  Factory Reactor, SCV x2  
  113  7:42  Barracks x2  
  113  7:43  Marine x2  
  117  7:45  Barracks  
  117  7:46  SCV  
  117  7:48  Widow Mine, Drilling Claws  
  117  7:49  Supply Depot  
  117  7:50  Marine x2, SCV x2  
  124  7:54  Marine  
  124  7:55  Marine  
  124  7:57  Marine x2  
  127  7:58  Medivac  
  127  7:59  SCV  
  127  8:04  Supply Depot  
  127  8:05  Sensor Tower  
  130  8:07  Medivac  
  130  8:10  SCV  
  130  8:11  Widow Mine  
  135  8:16  Widow Mine x2  
  135  8:18  Supply Depot  
  139  8:21  SCV x2  
  139  8:24  Marine  
  129  8:28  SCV  
  129  8:33  Widow Mine, SCV  
  129  8:35  Barracks Tech Lab x3  
  129  8:37  Widow Mine x2, SCV  
  129  8:38  Supply Depot x2  
  129  8:40  Marauder, Marine x3  
  138  8:43  Medivac x2  
  143  8:48  SCV x2  
  143  8:49  SCV  
  143  8:54  Widow Mine  
  147  8:58  Marine  
  147  8:59  Widow Mine x2, Marauder  
  154  9:05  Planetary Fortress, SCV  
  155  9:12  Sensor Tower  
  155  9:13  Medivac  
  155  9:14  SCV x2  
  155  9:15  Widow Mine, Marauder x2, Marine x4  
  169  9:20  Widow Mine x2  
  167  9:25  Marine  
  167  9:26  Marauder  
  167  9:28  Marine x3  
  167  9:29  Marauder  
  167  9:31  SCV x2  
  175  9:32  Supply Depot  
  175  9:36  Marauder, Marine  
  175  9:37  Widow Mine, Marauder  
  171  9:44  Marine x2  
  173  9:47  Marauder  
  173  9:50  Marauder  
  173  9:52  Marine x2  
  175  9:54  Marine x2  
  175  9:58  Marauder x2, Terran Infantry Armor Level 3  
  174  10:00  Marine  
  174  10:06  Widow Mine x2  
  167  10:09  Marauder  
  167  10:10  Marine x5  
  167  10:11  Marauder  
  167  10:12  Marine x2  
  167  10:13  Terran Infantry Weapons Level 3  
  174  10:14  Widow Mine  
  174  10:18  Marine  
  175  10:27  Widow Mine  
  175  10:28  Widow Mine, Marauder, Marine x2  
  161  10:30  Marauder, Marine  
  161  10:31  Marine  
  161  10:33  Marauder  
  151  10:35  Marine x2  
  151  10:36  Widow Mine, Marine x3  
  158  10:43  Medivac  
  158  10:44  Medivac  
  158  10:46  Marauder, Marine  
  158  10:47  Refinery  
  158  10:48  Marine x2  
  158  10:49  Widow Mine x2  
  173  10:50  Marauder  
  173  10:51  Marauder, Concussive Shells  
  173  10:53  Marine x3  
  173  10:54  Marauder, Marine  
  177  10:57  Widow Mine  
  177  10:58  Marine  
  177  11:04  Marine  
  179  11:05  Command Center  
  179  11:10  Widow Mine x2, Marine  
  179  11:11  Marauder  
  179  11:18  Widow Mine  
  179  11:20  Medivac x2  
  173  11:31  Marine x3  
  173  11:32  Widow Mine x2, Marauder, Marine  
  180  11:40  Widow Mine, Ghost Academy  
  180  11:43  Marauder x3, Marine x4  
  180  11:45  Supply Depot  
  190  11:50  Medivac x2  
  190  11:53  Widow Mine  
  196  12:02  Marine x4  
  196  12:03  Marine x2  
  196  12:04  Widow Mine, Marauder  
  196  12:05  Marauder x3  
  195  12:14  Marine  
  196  12:15  Missile Turret  
  196  12:16  Missile Turret  
  196  12:17  Missile Turret  
  196  12:19  Command Center  
  196  12:21  Personal Cloaking  
  196  12:26  Marauder x2  
  196  12:27  Marauder  
  192  12:34  Ghost, Marine  
  183  12:43  Medivac  
  151  12:46  Ghost  
  151  12:47  Ghost x2  
  151  12:50  Marine x5  
  151  12:51  Marine x2  
  147  12:52  Marine  
  146  13:00  SCV x2  
  146  13:02  Ghost  
  147  13:08  Marine x6  
  147  13:09  Marine  
  147  13:12  Medivac  
  147  13:13  Widow Mine x3, Medivac  
  147  13:15  Marine x2  
  147  13:16  Marine x2  
  157  13:26  Marine x3  
  157  13:31  Marauder  
  157  13:34  Widow Mine x2, Marauder  
  161  13:35  Widow Mine  
  161  13:36  Marine  
  161  13:37  Marauder, Marine x3  
  173  13:42  Medivac  
  173  13:48  Medivac  
  177  13:51  Sensor Tower  
  177  13:56  Widow Mine x3  
  177  13:58  Ghost, Marine x3  
  181  14:05  Ghost  
  168  14:17  Widow Mine x3  
  168  14:22  Ghost  
  168  14:23  Marauder, Marine x5  
  184  14:27  Marauder  
  184  14:29  SCV x3  
  180  14:38  Widow Mine  
  180  14:39  Widow Mine x2  
  180  14:41  SCV  
  180  14:44  Marauder, Marine  
  180  14:45  Marauder  
  183  14:50  Planetary Fortress  
  183  14:51  Sensor Tower  
  182  14:54  Marine, Medivac x2  
  182  14:55  Marauder x2, Marine x2  
  182  14:56  Marine x3  
  198  15:00  Widow Mine x2  
  198  15:06  Marauder  
  198  15:15  SCV x2, Command Center  
  198  15:35  Terran Vehicle And Ship Armor Level 1  
  197  15:38  Medivac  
  197  15:42  Marine  
  174  15:59  Ghost x3  
  174  16:00  Marine x4  
  173  16:05  Ghost  
  173  16:06  Widow Mine x3  
  182  16:11  Viking x2  
  182  16:17  Marine x3, Command Center  
  189  16:21  Marine x2  
  191  16:28  Widow Mine x2  
  191  16:29  Marauder x3  
  191  16:30  Widow Mine  
  196  16:34  Ghost  
  196  16:35  Marine  
  190  17:00  Marauder x2, Marine x3  
  190  17:01  Marauder, Marine x3  
  158  17:03  Marauder, Marine x2  
  156  17:13  Medivac x2  
  160  17:17  Marine  
  160  17:18  Marine x2  
  160  17:19  Widow Mine, Marine x3  
  160  17:22  Marauder x3  
  172  17:24  Widow Mine x2, Marauder  
  137  17:41  Widow Mine  
  137  17:43  Marauder x3  
  137  17:46  Marauder  
Show
View Real Time Build Order
Export as new Build Order

Serral Zerg - Winner!

Build Orders: Hatch First 

Get SALT Encoding   

  12  0:00  Drone  
  13  0:12  Overlord  
  13  0:17  Drone  
  14  0:31  Drone x2  
  16  0:47  Hatchery  
  15  0:50  Drone  
  15  0:55  Drone  
  17  0:58  Drone  
  18  1:10  Extractor  
  17  1:14  Spawning Pool  
  17  1:17  Drone  
  17  1:20  Drone  
  18  1:28  Drone  
  19  1:38  Drone  
  20  1:49  Drone  
  21  2:00  Queen  
  21  2:01  Queen, Zergling x4  
  27  2:11  Drone  
  27  2:12  Overlord  
  27  2:15  Metabolic Boost  
  28  2:28  Spore Crawler  
  27  2:32  Hatchery  
  27  2:35  Drone  
  28  2:39  Drone  
  28  2:40  Drone  
  30  2:45  Drone  
  30  2:51  Queen  
  31  2:56  Overlord  
  33  2:59  Drone  
  33  3:01  Drone  
  33  3:03  Drone  
  36  3:10  Overlord  
  36  3:15  Drone x3  
  36  3:18  Drone x2  
  41  3:23  Queen  
  44  3:27  Drone  
  44  3:29  Drone  
  45  3:34  Queen  
  45  3:41  Drone x3  
  50  3:42  Drone  
  50  3:45  Drone  
  52  3:49  Queen  
  52  3:52  Overlord  
  54  3:56  Zergling x2  
  54  3:57  Zergling x2  
  54  3:59  Drone  
  54  4:00  Drone  
  58  4:03  Overlord  
  58  4:06  Overlord  
  58  4:12  Drone x4  
  58  4:14  Zergling x2  
  63  4:17  Drone x2  
  63  4:19  Drone  
  63  4:22  Overlord  
  66  4:26  Queen  
  66  4:28  Drone x2  
  70  4:33  Drone x2  
  70  4:35  Overlord  
  72  4:40  Lair  
  72  4:42  Zergling x2, Overlord  
  73  4:46  Zergling x2  
  73  4:52  Extractor  
  73  4:53  Baneling Nest  
  73  4:54  Zergling x4  
  73  4:55  Drone x3  
  77  5:01  Zergling x4  
  77  5:05  Hatchery, Spore Crawler, Drone  
  77  5:07  Spore Crawler, Drone x2  
  77  5:10  Drone x3  
  82  5:14  Queen  
  82  5:18  Queen  
  86  5:22  Overlord  
  86  5:24  Zergling x4  
  86  5:25  Drone x2  
  90  5:29  Spore Crawler  
  90  5:30  Drone x2  
  90  5:32  Overlord  
  90  5:34  Overlord  
  91  5:37  Overlord  
  91  5:39  Overlord  
  91  5:44  Drone x4  
  88  5:50  Drone x3  
  88  5:54  Centrifugal Hooks  
  88  5:55  Drone  
  92  6:01  Drone  
  92  6:03  Extractor, Evolution Chamber  
  91  6:04  Evolution Chamber  
  91  6:05  Drone x3  
  91  6:06  Drone  
  91  6:09  Drone x2  
  91  6:10  Drone  
  97  6:11  Drone  
  97  6:12  Drone  
  97  6:15  Extractor  
  97  6:18  Overlord  
  98  6:20  Drone x3  
  101  6:27  Drone  
  101  6:28  Drone x2  
  101  6:30  Zerg Ground Armor Level 1  
  104  6:33  Zerg Melee Weapons Level 1  
  104  6:36  Baneling x6  
  104  6:37  Hatchery  
  104  6:38  Zergling x6  
  106  6:43  Zergling x10  
  106  6:44  Zergling x2  
  112  6:50  Overlord  
  112  6:51  Queen  
  112  6:53  Zergling x8  
  118  6:59  Baneling x4  
  118  7:00  Baneling x4  
  118  7:02  Zergling x12  
  124  7:10  Zergling x10  
  124  7:12  Overlord  
  127  7:18  Zergling x2  
  127  7:19  Zergling x14  
  130  7:26  Baneling x6  
  130  7:29  Drone x2  
  133  7:30  Drone x4  
  133  7:31  Extractor  
  133  7:32  Infestation Pit  
  133  7:35  Zergling x8  
  137  7:38  Zergling x4  
  137  7:40  Baneling x3  
  137  7:41  Zergling x2  
  140  7:44  Overlord  
  140  7:45  Zergling x8, Overlord  
  140  7:47  Hatchery  
  143  7:52  Zergling x2  
  143  7:53  Zergling x12  
  143  7:55  Queen  
  152  7:59  Baneling x8  
  152  8:04  Drone  
  154  8:05  Drone x2  
  154  8:06  Zergling x6  
  154  8:11  Overlord  
  154  8:12  Overlord x2  
  158  8:14  Hive, Zergling x2  
  158  8:15  Zergling x8  
  163  8:22  Zergling x18  
  164  8:31  Zergling x8  
  161  8:34  Zerg Melee Weapons Level 2  
  161  8:35  Zerg Ground Armor Level 2  
  161  8:36  Drone  
  161  8:37  Drone x2  
  161  8:38  Spore Crawler  
  161  8:40  Baneling x10  
  163  8:44  Pneumatized Carapace  
  163  8:49  Overlord  
  163  8:50  Overseer  
  163  8:52  Overseer  
  160  8:55  Extractor  
  160  8:57  Drone x3  
  160  8:59  Extractor, Spore Crawler, Drone x3  
  160  9:01  Drone x3  
  160  9:02  Drone x6  
  170  9:06  Zergling x10  
  174  9:11  Hydralisk Den  
  174  9:16  Zergling x22  
  171  9:25  Drone x3  
  171  9:26  Baneling  
  171  9:27  Baneling x5  
  171  9:29  Zergling x10  
  174  9:40  Adrenal Glands, Muscular Augments  
  174  9:43  Drone  
  174  9:45  Extractor  
  174  9:46  Drone x3  
  174  9:48  Overseer  
  174  9:52  Zergling x32  
  193  9:53  Baneling  
  193  9:54  Baneling x3  
  181  10:04  Zergling x20  
  181  10:05  Zergling x6  
  178  10:14  Viper x2  
  178  10:16  Baneling x4  
  178  10:20  Baneling x8  
  184  10:21  Hatchery  
  184  10:25  Zergling x30  
  181  10:30  Zergling x8  
  174  10:39  Burrow  
  174  10:43  Hydralisk x6  
  174  10:44  Grooved Spines  
  174  10:49  Hatchery  
  185  10:52  Zerg Missile Weapons Level 1  
  185  10:53  Zergling x24  
  189  10:57  Zerg Ground Armor Level 3  
  188  11:05  Zergling x6  
  188  11:06  Zergling x10  
  196  11:11  Baneling  
  196  11:12  Baneling x2  
  196  11:17  Zergling x26  
  196  11:20  Baneling x6  
  190  11:30  Zergling x28  
  190  11:32  Baneling x5  
  190  11:41  Zergling x18  
  199  11:47  Lurker Den  
  199  11:53  Zergling x4  
  200  11:56  Spore Crawler  
  200  11:57  Baneling  
  200  11:58  Baneling x8  
  198  12:05  Zergling x34  
  199  12:11  Baneling  
  199  12:12  Baneling x4  
  199  12:15  Drone  
  199  12:19  Baneling x8  
  197  12:27  Baneling  
  197  12:28  Baneling x6  
  194  12:31  Zergling x2  
  194  12:32  Zergling x12  
  181  12:38  Unknown  
  181  12:39  Zergling x2  
  181  12:40  Zergling x50  
  190  12:45  Zergling x24  
  190  12:50  Hydralisk  
  190  12:51  Hydralisk x3  
  184  12:55  Hydralisk x3  
  187  13:00  Baneling  
  187  13:01  Baneling x5  
  182  13:07  Hydralisk x5  
  182  13:10  Overseer  
  182  13:12  Spore Crawler  
  190  13:13  Zerg Missile Weapons Level 2  
  190  13:16  Seismic Spines  
  182  13:28  Zergling x20  
  182  13:33  Overlord  
  192  13:34  Zerg Melee Weapons Level 3  
  192  13:35  Baneling x12  
  192  13:36  Baneling x7  
  192  13:43  Overlord x3  
  192  13:44  Overseer  
  192  13:45  Overlord  
  184  14:05  Zergling x42  
  184  14:06  Zergling x8  
  196  14:11  Baneling x9  
  196  14:12  Viper, Baneling x8  
  196  14:14  Adaptive Talons  
  196  14:16  Zergling x4  
  200  14:18  Overseer  
  200  14:21  Baneling  
  200  14:22  Baneling x6  
  199  14:26  Nydus Network  
  188  14:45  Zergling x26  
  198  14:53  Zergling x2  
  199  15:01  Hydralisk  
  199  15:03  Hatchery  
  198  15:07  Zergling x4  
  198  15:08  Baneling x6  
  200  15:21  Hatchery  
  200  15:26  Zergling x12  
  200  15:30  Zerg Missile Weapons Level 3  
  198  15:39  Nydus Canal  
  191  15:43  Zergling x18  
  172  15:57  Zergling x16  
  172  15:58  Zergling x28  
  172  16:01  Zergling x32  
  196  16:05  Overlord  
  196  16:06  Infestor x2  
  196  16:07  Overseer x3  
  196  16:08  Baneling  
  196  16:09  Overseer, Baneling x9  
  196  16:21  Baneling x5  
  196  16:22  Baneling x13  
  196  16:25  Overlord  
  196  16:32  Zergling x12  
  199  16:36  Baneling  
  199  16:37  Baneling x4  
  199  16:54  Zergling x34  
  180  17:01  Zergling x36  
  180  17:06  Overlord  
  180  17:07  Zergling x20  
  200  17:09  Baneling x16  
  200  17:15  Spore Crawler  
  197  17:24  Drone x3  
  197  17:25  Drone x2  
  197  17:26  Zergling x10  
  199  17:35  Zergling x30  
  199  17:36  Zergling x2  
Tags
 
Add a new tag
Caveats
  • Supply blocks, unpowered buildings, or Contaminate may cause inaccurate times.
  • Supply counts are checked every 10 seconds.